 Dungeon Crawl Stone Soup version 0.20.1-1-g8b1a95d (webtiles) character file.

75653 wolfsongas the Basher (level 14, -2/190 HPs)
             Began as a Demonspawn Fighter on Aug 4, 2017.
             Was the Champion of Jiyva.
             Slain by a spriggan rider
             ... wielding a +0 spear
              (4 damage)
             ... on level 2 of the Swamp.
             The game lasted 01:24:59 (21612 turns).

wolfsongas the Basher (Demonspawn Fighter)         Turns: 21612, Time: 01:25:00

Health: -2/190     AC: 27    Str: 33    XL:     14   Next: 65%
Magic:  0/14       EV:  2    Int: 12    God:    Jiyva [******]
Gold:   832        SH: 14    Dex: 13    Spells: 13/13 levels left

rFire    + . .     SeeInvis .   D - +8 flail "Olahenymn" {crush, Stlth+}
rCold    + . .     Gourm    .   c - +0 shield
rNeg     + + +     Faith    .   (armour currently unavailable)
rPois    +         Spirit   +   (helmet currently unavailable)
rElec    +         Reflect  .   (cloak currently unavailable)
rCorr    +         Harm     .   (gloves currently unavailable)
MR       +++..     NoTele   +   (boots currently unavailable)
Stlth    +++.......             i - amulet of guardian spirit
Regen    0.5/turn               F - +4 ring of dexterity
MPRegen  0.2/turn               v - ring of protection from magic

@: mighty, agile, tree-form, resistant, slimy (expiring), hasted, very quick
A: blurry vision 1, magic resistance 1, powered by pain 2, robust 1, wild magic
2
}: 1/15 runes: slimy
a: Request Jelly, Slimify, Cure Bad Mutation, Renounce Religion


You were on level 2 of the Swamp.
You worshipped Jiyva.
Jiyva was exalted by your worship.
You were completely stuffed.
You were a tree.
You visited 5 branches of the dungeon, and saw 30 of its levels.
You also visited: Sewer.

You collected 832 gold pieces.

Inventory:

Hand Weapons
 D - the +8 flail "Olahenymn" (weapon) {crush, Stlth+}
   (You found it on level 5 of the Pits of Slime)

   It inflicts extra damage upon your enemies.
   It makes you more stealthy.
 J - a cursed +5 dire flail
Armour
 c - a +0 shield (worn)
 f - a scarf of repulsion
 q - a scarf of cloud immunity (melded)
 w - the +3 hat of Pondering {ponderous, MR+ MP+10 Int+5}
   (You found it on level 8 of the Dungeon)

   It affects your intelligence (+5).
   It affects your resistance to hostile enchantments.
   It affects your magic capacity (+10).
 z - a +0 large shield
 B - a +1 plate armour (melded)
 C - a +2 pair of gloves (melded)
 H - a +0 pair of gloves
Jewellery
 i - an amulet of guardian spirit (around neck)
 k - an uncursed ring of fire
 s - a +1 ring of slaying
 v - a ring of protection from magic (right branch)
 F - a +4 ring of dexterity (left branch)
 N - an uncursed amulet of regeneration
Wands
 g - a wand of polymorph (5/24)
 K - a wand of lightning (0/15)
Scrolls
 b - a scroll of fog
 h - 5 scrolls of remove curse
 y - a scroll of magic mapping
Potions
 d - a potion of haste
 t - a potion of brilliance
 x - 6 potions of curing
Comestibles
 l - 2 bread rations
 m - 4 meat rations


   Skills:
 + Level 12.3 Fighting
 + Level 14.4 Maces & Flails
 + Level 11.1 Armour
 + Level 11.5 Shields


You had 13 spell levels left.
You didn't know any spells.

Dungeon Overview and Level Annotations

Branches:
Dungeon (15/15)            Temple (0/1) D:5            Lair (6/6) D:9
  Swamp (1/4) Lair:2        Snake (0/4) Lair:4        Slime (5/5) Lair:5
    Orc (2/2) D:11            Elf (0/3) Orc:2        Vaults (0/5) D:13
 Depths (0/5) D:15

Altars:
Cheibriados
Dithmenos
Gozag
Hepliaklqana
Kikubaaqudgha
Makhleb
Nemelex Xobeh
Okawaru
Qazlal
Uskayaw
Xom
Yredelemnul
Zin
The Shining One
Jiyva

Shops:
D:5 *   D:6 *   D:8 :   Orc:2 (*[:

Annotations:
D:5 Dowan
Slime:5 Royal Jelly


Innate Abilities, Weirdness & Mutations

((You have a pair of small horns on your head.))
((Your flesh is cold resistant. (rC+)))
You sometimes gain power by taking damage.
((When seriously injured, your bleeding wounds create thick armour. (AC +0)))
((You have a beak for a mouth.))
((You can translocate small distances at will.))
Scrolls take you a little longer to read.
You are resistant to hostile enchantments. (MR+)
You are robust. (+10% HP)
((You are covered in fur. (AC +1)))
Your spells are harder to cast, but more powerful.
((Your body has grown golden eyes which may confuse attackers. (Acc +3)))
((Armour fits poorly on your pseudopods.))
((Your translucent skin reduces your foes' accuracy. (Stealth)))
((You are covered in slimy tendrils that may disarm your opponents.))


Message History

The spriggan rider hits you but does no damage.
You block the spriggan rider's attack.
The spriggan rider hits you from afar with a spear.
* * * LOW HITPOINT WARNING * * *
You block the spriggan rider's attack. x2
You hear a slurping noise.
You feel a little less hungry.
You feel your power returning.
The spriggan rider hits you from afar with a spear!
* * * LOW HITPOINT WARNING * * *
The spriggan rider hits you but does no damage.
You block the spriggan rider's attack.
The spriggan rider hits you from afar with a spear.
* * * LOW HITPOINT WARNING * * *
You block the spriggan rider's attack.
Your slime is starting to congeal.
The spriggan rider hits you but does no damage.
You block the spriggan rider's attack. x2
The spriggan rider is no longer covered in acid.
The spriggan rider hits you from afar with a spear!
You die...

♣...≈≈.......≈♣
♣≈♣.♣≈≈≈..≈≈≈≈♣♣
♣≈≈≈≈.≈≈≈.♣≈≈≈♣
♣.≈≈≈....≈≈≈≈♣♣
.≈≈≈..≈≈.♣♣≈≈≈♣
≈≈≈≈...♣≈.≈≈≈..♣
≈≈≈≈≈≈≈....≈≈≈.♣♣
≈≈≈♣.♣≈.♣≈≈≈♣...♣
§≈.....♣≈.♣
≈≈≈≈≈i.J..♣
§≈≈♣.i.♣..♣
≈.....♣♣...♣
.≈≈≈≈. ♣≈≈≈.♣
≈≈≈≈≈. ♣.≈>♣♣
≈.≈≈≈. ..≈♣ ≈≈≈.♣
♣.≈♣


You could see 2 spriggan riders and a neutral jelly (fellow slime).

Vanquished Creatures
  Kirke (D:14)
  A dire elephant (Lair:6)
  2 hydras
  An anaconda (Lair:6)
  4 centaur warriors
  The ghost of Ruich the Martial Artist, a novice DsBe of Trog (D:8)
  An alligator (Swamp:2)
  6 death yaks
  An ogre mage (D:15)
  3 two-headed ogres
  An orc high priest (Orc:2)
  Sonja (Lair:1)
  Nergalle (Lair:2)
  A deep troll (D:15)
  A wizard (D:11)
  3 orc knights
  Pikel (D:6)
  6 orc sorcerers
  4 cyclopes
  6 ugly things
  14 elephants (Lair:6)
  A manticore (D:14)
  3 black mambas
  Joseph (D:7)
  8 spiny frogs
  A rime drake (Lair:4)
  A kobold demonologist (D:12)
  7 komodo dragons
  A freezing wraith (D:11)
  A tyrant leech (Swamp:2)
  5 trolls
  2 meliai (D:12)
  A polar bear (Lair:3)
  Grinder (D:5)
  2 hornets (Swamp:2)
  A dream sheep (shapeshifter) (D:14)
  12 hippogriffs
  2 bog bodies (Swamp:2)
  2 spriggans (Swamp:2)
  6 hogs (D:14)
  2 wyverns
  A hog (shapeshifter) (D:13)
  2 wraiths
  A shadow (Swamp:2)
  A vampire (D:12)
  24 yaks
  A hungry ghost (D:15)
  6 basilisks
  6 swamp worms (Lair:2)
  15 soldier ants (Lair:4)
  An acid dragon (D:12)
  3 nagas (Lair:4)
  4 wargs
  5 water moccasins
  A black bear (D:7)
  4 porcupines
  A swamp drake (Swamp:2)
  31 orc warriors
  2 phantoms
  2 ice beasts
  11 ogres
  A necrophage (D:12)
  8 wolves (Lair:1)
  6 centaurs
  10 crocodiles
  5 big kobolds
  9 bullfrogs
  2 gnoll sergeants (D:11)
  A wyvern zombie (D:13)
  A wyvern skeleton (D:9)
  A water moccasin zombie (D:7)
  3 scorpions
  2 water moccasin skeletons
  3 killer bees (D:10)
  6 wights
  An electric eel (Lair:2)
  7 crimson imps
  A quasit (Sewer)
  2 centaur zombies
  4 centaur skeletons
  10 orc wizards
  5 hounds
  A gnoll shaman (D:6)
  6 orc priests
  Crazy Yiuf (D:3)
  Jessica (D:3)
  17 worker ants
  5 iguanas
  3 hell rats
  3 big kobold zombies (Sewer)
  2 worker ant zombies
  15 adders
  16 gnolls
  2 river rats (D:5)
  4 shadow imps (Sewer)
  2 ufetubi (Sewer)
  An ooze (D:1)
  2 adder zombies
  5 worms
  3 dart slugs
  4 leopard geckos
  40 orcs
  A ball python (D:4)
  4 bats
  2 bat zombies (D:6)
  13 giant cockroaches
  17 goblins
  12 hobgoblins
  7 jackals
  5 frilled lizards
  A giant cockroach zombie (Sewer)
  A jackal skeleton (D:5)
  23 kobolds
  A kobold zombie (Sewer)
  15 rats
  A rat zombie (D:6)
  3 plants
569 creatures vanquished.

Vanquished Creatures (collateral kills)
  A necrophage (D:8)
  2 orc warriors
  2 orcs (D:7)
5 creatures vanquished.

Vanquished Creatures (others)
  Rupert (D:14)
  2 acid blobs
  A dire elephant (Lair:6)
  A death ooze (Slime:2)
  A great orb of eyes (Slime:1)
  A hydra (Lair:6)
  A centaur warrior (D:14)
  A two-headed ogre (D:11)
  4 unseen horrors
  A shining eye (Slime:5)
  A cyclops (D:15)
  A kobold demonologist (D:12)
  A meliai (D:12)
  A troll (D:12)
  5 blink frogs (Lair:6)
  35 slime creatures
  A shadow (D:12)
  A wyvern (D:8)
  2 yaks
  4 golden eyes
  2 vampire mosquitoes (D:12)
  7 soldier ants (Lair:4)
  4 porcupines
  A swamp drake (Swamp:2)
  2 slaves (D:6)
  2 eyes of draining
  4 ogres
  4 orc warriors
  A black bear (Lair:3)
  6 wolves
  2 centaurs (D:14)
  3 crocodiles
  6 bullfrogs
  3 killer bees (D:10)
  3 wights (D:4)
  143 jellies
  2 crimson imps
  A bullfrog skeleton (D:5)
  2 hounds
  3 centaur skeletons
  3 orc priests
  2 iguanas
  10 orc wizards
  6 hell rats
  16 worker ants
  Robin (D:3)
  2 adders
  5 gnolls
  A river rat (D:5)
  2 shadow imps (D:11)
  4 oozes
  An adder skeleton (D:8)
  An adder zombie (D:8)
  2 worms
  3 leopard geckos
  38 orcs
  A bat (D:3)
  3 giant cockroaches
  3 goblins (D:3)
  10 jackals
  7 kobolds
  2 frilled lizards
  38 fungi
  20 plants
448 creatures vanquished.

Grand Total: 1022 creatures vanquished

Notes
Turn   | Place    | Note
-------+----------+-------------------------------------------
     0 | D:1      | wolfsongas the Demonspawn Fighter began the quest for the Orb.
     0 | D:1      | Reached XP level 1. HP: 18/18 MP: 1/1
    18 | D:1      | Reached skill level 2 in Maces & Flails
   205 | D:1      | Gained mutation: When seriously injured, your bleeding wounds create armour. (AC +0) [demonic ancestry]
   205 | D:1      | Reached XP level 2. HP: 24/24 MP: 2/2
   487 | D:1      | Reached skill level 3 in Maces & Flails
   685 | D:1      | Gained mutation: You have a pair of small horns on your head. [demonic ancestry]
   685 | D:1      | Reached XP level 3. HP: 20/29 MP: 3/3
  1121 | D:2      | Found a faded altar of an unknown god.
  1127 | D:2      | Became a worshipper of Jiyva Jurel the Shapeless
  1127 | D:2      | Reached * piety under Jiyva
  1316 | D:2      | Reached skill level 4 in Maces & Flails
  1316 | D:2      | Reached XP level 4. HP: 30/35 MP: 4/4
  1317 | D:2      | Found an iron altar of Okawaru.
  1786 | D:2      | Reached ** piety under Jiyva
  2007 | D:3      | Gained mutation: When seriously injured, your bleeding wounds create thick armour. (AC +0) [demonic ancestry]
  2007 | D:3      | Reached XP level 5. HP: 41/41 MP: 5/5
  2048 | D:3      | Noticed Jessica
  2061 | D:3      | Killed Jessica
  2061 | D:3      | Reached skill level 5 in Maces & Flails
  2142 | D:3      | Found a runed door.
  2147 | D:3      | Noticed Crazy Yiuf
  2150 | D:3      | Killed Crazy Yiuf
  2161 | D:3      | Reached *** piety under Jiyva
  2178 | D:3      | Gained mutation: Your rubbery body absorbs attacks. (AC +1, EV +1) [Jiyva's grace]
  2248 | D:3      | Found a stormy altar of Qazlal.
  2273 | D:3      | Killed an ogre
  2281 | D:3      | Noticed Robin
  2436 | D:3      | Gained mutation: You are agile. (Dex +2) [Jiyva's grace]
  2446 | D:3      | Killed Robin
  2449 | D:3      | Reached **** piety under Jiyva
  2752 | D:4      | Found a hazy altar of Hepliaklqana.
  2795 | D:4      | Reached XP level 6. HP: 39/47 MP: 6/6
  2873 | D:4      | Reached skill level 6 in Maces & Flails
  2942 | D:4      | Gained mutation: You are resistant to hostile enchantments. (MR+) [Jiyva's grace]
  2998 | D:4      | Reached ***** piety under Jiyva
  3517 | D:5      | Entered Level 5 of the Dungeon
  3518 | D:5      | Noticed Dowan
  3520 | D:5      | Noticed Duvessa
  3524 | D:5      | Slimified Duvessa
  3524 | D:5      | Noticed Duvessa
  3524 | D:5      | Duvessa changed into Duvessa the ooze
  3527 | D:5      | Slimified Dowan
  3527 | D:5      | Noticed Dowan
  3527 | D:5      | Dowan changed into Dowan the slime creature
  3527 | D:5      | Gained mutation: You evolve. [Jiyva's grace]
  3540 | D:5      | Killed Duvessa the ooze
  3557 | D:5      | Reached skill level 7 in Maces & Flails
  3557 | D:5      | Gained mutation: You sometimes gain a little power by taking damage. [demonic ancestry]
  3557 | D:5      | Reached XP level 7. HP: 19/52 MP: 7/7
  3663 | D:5      | Noticed Grinder
  3675 | D:5      | Killed Grinder
  3692 | D:5      | Gained mutation: You possess an exceptional clarity of mind. [Jiyva's grace]
  3734 | D:5      | Found Vunwu's General Store.
  3742 | D:5      | Reached skill level 8 in Maces & Flails
  3777 | D:5      | Found a staircase to the Ecumenical Temple.
  3793 | D:5      | Gained mutation: You are highly resistant to hostile enchantments. (MR++) [evolution]
  3799 | D:5      | Found a snail-covered altar of Cheibriados.
  3834 | D:5      | Lost mutation: You evolve. [Jiyva's grace]
  4007 | D:5      | Found a glowing drain.
  4015 | Sewer    | Entered a sewer
  4039 | Sewer    | Reached XP level 8. HP: 58/58 MP: 8/8
  4133 | Sewer    | Found a burning altar of Makhleb.
  4147 | Sewer    | Reached skill level 9 in Maces & Flails
  4509 | Sewer    | Lost mutation: You possess an exceptional clarity of mind. [Jiyva's grace]
  4509 | Sewer    | Reached ****** piety under Jiyva
  4740 | D:6      | Got a brightly glowing dagger
  4741 | D:6      | Identified the +6 dagger "Murmur" {flame, Str-3 Int+9 Dex+3 Stlth-} (You found it on level 6 of the Dungeon)
  4800 | D:6      | Noticed Blork the orc
  4806 | D:6      | Slimified Blork the orc
  4806 | D:6      | Noticed Blork
  4806 | D:6      | Blork the orc changed into Blork the slime creature
  4821 | D:6      | Lost mutation: You are agile. (Dex +2) [Jiyva's grace]
  4943 | D:6      | Found a glowing golden altar of the Shining One.
  4951 | D:6      | Noticed Pikel
  4964 | D:6      | Killed Pikel
  4970 | D:6      | Found Jukoosk's Assorted Antiques.
  5031 | D:6      | Reached skill level 10 in Maces & Flails
  5079 | D:6      | Gained mutation: You are dopey. (Int -2) [Jiyva's grace]
  5224 | D:6      | Found an ancient bone altar of Kikubaaqudgha.
  5878 | D:7      | Noticed Joseph
  5894 | D:7      | Killed Joseph
  5894 | D:7      | Gained mutation: You sometimes gain power by taking damage. [demonic ancestry]
  5894 | D:7      | Reached XP level 9. HP: 39/65 MP: 9/9
  5937 | D:7      | Noticed Prince Ribbit
  5942 | D:7      | Slimified Prince Ribbit
  5942 | D:7      | Noticed Prince Ribbit
  5942 | D:7      | Prince Ribbit changed into Prince Ribbit the ooze
  6203 | D:8      | Noticed Gastronok
  6208 | D:8      | Slimified Gastronok
  6208 | D:8      | Noticed Gastronok
  6208 | D:8      | Gastronok changed into Gastronok the azure jelly
  6217 | D:8      | Gained mutation: You are very dopey. (Int -4) [Jiyva's grace]
  6298 | D:8      | Noticed Ruich's ghost (novice DsBe)
  6326 | D:8      | Killed Ruich's ghost
  6326 | D:8      | Reached skill level 5 in Fighting
  6346 | D:8      | Noticed Grum
  6357 | D:8      | Slimified Grum
  6357 | D:8      | Noticed Grum
  6357 | D:8      | Grum changed into Grum the slime creature
  6368 | D:8      | Found a glowing golden altar of the Shining One.
  6378 | D:8      | Gained mutation: You have sharp toenails. [Jiyva's grace]
  6436 | D:8      | Found Firarrixy's Book Boutique.
  6590 | D:8      | Found a glowing silver altar of Zin.
  6591 | D:8      | Found a basalt altar of Yredelemnul.
  6591 | D:8      | Found a shimmering altar of Xom.
  6592 | D:8      | Found a hide-covered altar of Uskayaw.
  6592 | D:8      | Found a sparkling altar of Nemelex Xobeh.
  6593 | D:8      | Found a burning altar of Makhleb.
  6758 | D:9      | Noticed a troll
  6764 | D:9      | Slimified a troll
  6764 | D:9      | a troll changed into a jelly
  6783 | D:9      | Found a staircase to the Lair.
  6788 | D:9      | Reached skill level 5 in Shields
  6810 | D:9      | Reached skill level 5 in Armour
  6818 | D:9      | Reached XP level 10. HP: 63/76 MP: 10/10
  6829 | D:9      | Gained mutation: You have a pair of horns on your head. [Jiyva's grace]
  6884 | D:9      | Found an opulent altar of Gozag.
  6948 | D:9      | Reached skill level 11 in Maces & Flails
  7031 | D:10     | Entered Level 10 of the Dungeon
  7222 | D:10     | Gained mutation: Your body has grown golden eyes which may confuse attackers. (Acc +3) [Jiyva's grace]
  7349 | D:10     | Killed an unseen horror
  7427 | D:10     | Noticed a brown ugly thing
  7445 | D:10     | Killed a brown ugly thing
  7870 | D:11     | Noticed a cyclops
  7879 | D:11     | Noticed an eight-headed hydra
  7881 | D:11     | Noticed an orc sorcerer
  7885 | D:11     | Noticed a sun demon
  7893 | D:10     | Noticed a two-headed ogre
  7898 | D:10     | Slimified a two-headed ogre
  7898 | D:10     | a two-headed ogre changed into a slime creature
  8055 | D:11     | Noticed a wizard
  8066 | D:11     | Killed a wizard
  8073 | D:11     | Noticed a cyclops
  8156 | D:11     | Noticed a purple ugly thing
  8161 | D:11     | Killed a cyclops
  8165 | D:11     | Killed a purple ugly thing
  8165 | D:11     | Reached XP level 11. HP: 17/84 MP: 3/11
  8303 | D:11     | Gained mutation: You have a small jelly attached to you that senses nearby items. [Jiyva's grace]
  8310 | D:11     | Gained mutation: Your translucent skin slightly reduces your foes' accuracy. (Stealth) [Jiyva's grace]
  8325 | D:11     | Gained mutation: Your pliable body absorbs attacks. (AC +2, EV +2) [Jiyva's grace]
  8376 | D:11     | Noticed an orc sorcerer
  8376 | D:11     | Killed an unseen horror
  8387 | D:11     | Killed an orc sorcerer
  8401 | D:11     | Slimified an eight-headed hydra
  8401 | D:11     | Noticed an acid blob
  8401 | D:11     | an eight-headed hydra changed into an acid blob
  8438 | D:11     | Slimified an orc sorcerer
  8438 | D:11     | an orc sorcerer changed into a slime creature
  8479 | D:11     | Killed a two-headed ogre
  8507 | D:11     | Lost mutation: You are very dopey. (Int -4) [Jiyva's grace]
  8530 | D:11     | Noticed Erolcha
  8533 | D:11     | Slimified Erolcha
  8533 | D:11     | Noticed Erolcha
  8533 | D:11     | Erolcha changed into Erolcha the slime creature
  8636 | D:11     | Noticed a two-headed ogre
  8647 | D:11     | Killed a two-headed ogre
  8647 | D:11     | Reached skill level 12 in Maces & Flails
  8691 | D:11     | Gained mutation: You evolve. [Jiyva's grace]
  8718 | D:11     | Found a staircase to the Orcish Mines.
  9101 | D:12     | Gained mutation: You have acidic saliva. [Jiyva's grace]
  9137 | D:12     | Gained mutation: You have a small jelly attached to you that may absorb incoming projectiles. [Jiyva's grace]
  9297 | D:12     | Gained mutation: Your translucent skin reduces your foes' accuracy. (Stealth) [Jiyva's grace]
  9573 | D:12     | Lost mutation: You have a small jelly attached to you that may absorb incoming projectiles. [Jiyva's grace]
  9958 | D:12     | Lost mutation: You have sharp toenails. [evolution]
  9988 | D:13     | Noticed a centaur warrior
  9991 | D:13     | Noticed a two-headed ogre
 10078 | D:12     | Slimified a two-headed ogre
 10078 | D:12     | a two-headed ogre changed into a slime creature
 10101 | D:13     | Killed a centaur warrior
 10101 | D:13     | Reached XP level 12. HP: 17/95 MP: 12/12
 10243 | D:13     | Noticed an ettin
 10250 | D:13     | Slimified an ettin
 10250 | D:13     | Noticed an azure jelly
 10250 | D:13     | an ettin changed into an azure jelly
 10261 | D:13     | Found a gate to the Vaults.
 10282 | D:13     | Lost mutation: You evolve. [Jiyva's grace]
 10352 | D:13     | Noticed a centaur warrior
 10369 | D:13     | Killed a centaur warrior
 10385 | D:13     | Noticed a four-headed hydra
 10390 | D:13     | Slimified a four-headed hydra
 10390 | D:13     | Noticed an azure jelly
 10390 | D:13     | a four-headed hydra changed into an azure jelly
 10394 | D:13     | Noticed a two-headed ogre
 10403 | D:13     | Slimified a two-headed ogre
 10403 | D:13     | Noticed an azure jelly
 10403 | D:13     | a two-headed ogre changed into an azure jelly
 10439 | D:13     | Noticed a four-headed hydra
 10445 | D:13     | Slimified a four-headed hydra
 10445 | D:13     | Noticed an acid blob
 10445 | D:13     | a four-headed hydra changed into an acid blob
 10567 | D:13     | Gained mutation: You have a pair of large horns on your head. [Jiyva's grace]
 10765 | Lair:1   | Entered Level 1 of the Lair of Beasts
 10765 | Lair:1   | Noticed a seven-headed hydra
 10771 | Lair:1   | Slimified a seven-headed hydra
 10771 | Lair:1   | a seven-headed hydra changed into a slime creature
 11084 | Lair:1   | Lost mutation: You have a small jelly attached to you that senses nearby items. [Jiyva's grace]
 11384 | Lair:1   | Got a distressingly furry ring mail
 11385 | Lair:1   | Identified the +0 ring mail of Pride {rF++ rCorr Str-2} (You found it on level 1 of the Lair of Beasts)
 11666 | Lair:2   | Lost mutation: You are highly resistant to hostile enchantments. (MR++) [Jiyva's grace]
 11836 | Lair:2   | Noticed Nergalle
 11844 | Lair:2   | Killed Nergalle
 11889 | Lair:2   | Reached skill level 10 in Fighting
 12152 | Lair:2   | Found a staircase to the Swamp.
 12317 | Lair:3   | Noticed a five-headed hydra
 12324 | Lair:3   | Killed a five-headed hydra
 12335 | Lair:3   | Found a burning altar of Makhleb.
 12378 | Lair:3   | Lost mutation: You are dopey. (Int -2) [Jiyva's grace]
 12546 | Lair:3   | Reached skill level 13 in Maces & Flails
 12750 | Lair:3   | Lost mutation: Your pliable body absorbs attacks. (AC +2, EV +2) [Jiyva's grace]
 13063 | Lair:3   | Reached XP level 13. HP: 84/104 MP: 13/13
 13397 | Lair:4   | Lost mutation: You are resistant to hostile enchantments. (MR+) [Jiyva's grace]
 13519 | Lair:4   | Found a staircase to the Snake Pit.
 13542 | Lair:4   | Lost mutation: You have a pair of large horns on your head. [Jiyva's grace]
 13613 | Lair:4   | Noticed an entropy weaver
 13622 | Lair:4   | Slimified an entropy weaver
 13622 | Lair:4   | an entropy weaver changed into a slime creature
 13639 | Lair:4   | Noticed an acid blob
 13639 | Lair:4   | a queen ant changed into an acid blob
 13646 | Lair:4   | Noticed an entropy weaver
 13657 | Lair:4   | Killed an acid blob
 13673 | Lair:4   | Slimified an entropy weaver
 13673 | Lair:4   | Noticed an azure jelly
 13673 | Lair:4   | an entropy weaver changed into an azure jelly
 13674 | Lair:4   | Lost mutation: You have a pair of horns on your head. [Jiyva's grace]
 13766 | Lair:4   | Got a fine leather armour
 13776 | Lair:4   | Identified the +4 leather armour of Hiseb {rF+} (You found it on level 4 of the Lair of Beasts)
 13776 | Lair:4   | Gained mutation: You are robust. (+10% HP) [Jiyva's grace]
 14238 | Lair:5   | Found a staircase to the Slime Pits.
 14839 | Lair:6   | Entered Level 6 of the Lair of Beasts
 14884 | Lair:5   | Reached skill level 10 in Shields
 15273 | Lair:6   | Gained mutation: Your body has grown many golden eyes which may confuse attackers. (Acc +5) [Jiyva's grace]
 15463 | Lair:6   | Got a dazzling short sword
 15464 | Lair:6   | Identified the cursed +0 short sword of Dim Light {flame, rC++ Int+3 Dex-5} (You found it on level 6 of the Lair of Beasts)
 15498 | Lair:6   | Gained mutation: You have a beak for a mouth. [Jiyva's grace]
 15502 | Lair:6   | Noticed a dire elephant
 15503 | Lair:6   | Noticed a dire elephant
 15537 | Lair:6   | Killed a dire elephant
 15537 | Lair:6   | Reached skill level 10 in Armour
 15540 | Lair:6   | Slimified a dire elephant
 15540 | Lair:6   | Noticed an acid blob
 15540 | Lair:6   | a dire elephant changed into an acid blob
 15550 | Lair:6   | Noticed a dire elephant
 15558 | Lair:6   | Slimified a dire elephant
 15558 | Lair:6   | Noticed an azure jelly
 15558 | Lair:6   | a dire elephant changed into an azure jelly
 15593 | Lair:6   | Got a slimy war axe
 15635 | Lair:6   | Noticed a dire elephant
 15651 | Lair:6   | Slimified a dire elephant
 15651 | Lair:6   | Noticed an azure jelly
 15651 | Lair:6   | a dire elephant changed into an azure jelly
 15739 | Lair:6   | Noticed a dire elephant
 15743 | Lair:6   | Killed a dire elephant
 15839 | Lair:6   | Gained mutation: Armour fits poorly on your pseudopods. [Jiyva's grace]
 16291 | Lair:6   | Noticed a dire elephant
 16295 | Lair:6   | Slimified a dire elephant
 16295 | Lair:6   | Noticed an acid blob
 16295 | Lair:6   | a dire elephant changed into an acid blob
 16696 | Slime:1  | Entered Level 1 of the Pits of Slime
 16713 | Slime:3  | Noticed an azure jelly
 16723 | Slime:4  | Noticed an azure jelly
 16723 | Slime:4  | Noticed an azure jelly
 16727 | Slime:4  | Noticed an azure jelly
 16740 | Slime:5  | Entered Level 5 of the Pits of Slime
 16770 | Slime:5  | Noticed an acid blob
 16774 | Slime:5  | Gained mutation: Your body sometimes deteriorates upon taking damage. [Jiyva's grace]
 16781 | Slime:5  | Noticed the Royal Jelly
 16783 | Slime:5  | Found a viscous altar of Jiyva.
 16785 | Slime:5  | Gained mutation: Your transparent skin significantly reduces your foes' accuracy. (Stealth) [Jiyva's grace]
 16793 | Slime:5  | Lost mutation: Your body has grown many golden eyes which may confuse attackers. (Acc +5) [Jiyva's grace]
 16805 | Slime:5  | Noticed an acid blob
 16806 | Slime:5  | Noticed an acid blob
 16809 | Slime:5  | Gained mutation: You can translocate small distances at will. [Jiyva's grace]
 16813 | Slime:5  | Got a slimy rune of Zot
 16820 | Slime:5  | Gained mutation: You have a pair of horns on your head. [Jiyva's grace]
 16825 | Slime:5  | Noticed an acid blob
 16829 | Slime:5  | Noticed an acid blob
 16832 | Slime:5  | Got a shimmering flail
 16833 | Slime:5  | Identified the +8 flail "Olahenymn" {crush, Stlth+} (You found it on level 5 of the Pits of Slime)
 16845 | Slime:5  | Noticed an azure jelly
 16908 | Slime:5  | Noticed an azure jelly
 16926 | Slime:5  | Noticed an azure jelly
 16958 | Slime:5  | Got a transparent short sword
 16960 | Slime:5  | Identified the +7 short sword "Arcanum" {pain, rElec rPois rN+ Dex-2} (You found it on level 5 of the Pits of Slime)
 16971 | Slime:5  | Noticed a death ooze
 17000 | Slime:4  | Noticed an azure jelly
 17052 | Slime:1  | Lost mutation: Your body sometimes deteriorates upon taking damage. [Jiyva's power]
 17074 | Slime:1  | Killed an acid blob
 17095 | Slime:1  | Noticed an azure jelly
 17114 | Slime:1  | Noticed an azure jelly
 17211 | Slime:2  | Noticed a death ooze
 17273 | Slime:2  | Killed a death ooze
 17603 | Orc:1    | Entered Level 1 of the Orcish Mines
 17684 | Orc:1    | Gained mutation: You possess an exceptional clarity of mind. [Jiyva's grace]
 17697 | Orc:1    | Gained mutation: You are clumsy. (Dex -2) [Jiyva's grace]
 17971 | Orc:2    | Entered Level 2 of the Orcish Mines
 17971 | Orc:2    | Found Usoichye's General Store.
 17971 | Orc:2    | Noticed an orc warlord
 18103 | Orc:1    | Lost mutation: Your rubbery body absorbs attacks. (AC +1, EV +1) [Jiyva's grace]
 18126 | Orc:2    | Found a staircase to the Elven Halls.
 18173 | Orc:2    | Found Ycihy's Antique Armour Emporium.
 18423 | Orc:2    | Gained mutation: Your flesh is cold resistant. (rC+) [demonic ancestry]
 18423 | Orc:2    | Reached XP level 14. HP: 98/124 MP: 12/14
 18576 | Orc:2    | Gained mutation: Your spells are a little harder to cast, but a little more powerful. [Jiyva's grace]
 18614 | Orc:2    | Gained mutation: Your spells are harder to cast, but more powerful. [Jiyva's grace]
 18644 | Orc:2    | Lost mutation: You are clumsy. (Dex -2) [Jiyva's grace]
 18674 | Orc:2    | Lost mutation: Armour fits poorly on your pseudopods. [Jiyva's grace]
 18690 | Orc:2    | Reached skill level 14 in Maces & Flails
 18719 | Orc:2    | Slimified an orc warlord
 18719 | Orc:2    | Noticed an azure jelly
 18719 | Orc:2    | an orc warlord changed into an azure jelly
 18727 | Orc:2    | Lost mutation: You have acidic saliva. [Jiyva's grace]
 18751 | Orc:2    | Found Buiny's Antique Weapon Shoppe.
 18946 | Orc:2    | Found Voklarig's Book Shoppe.
 19088 | Orc:2    | Gained mutation: You are covered in fur. (AC +1) [Jiyva's grace]
 19358 | D:14     | Noticed Rupert
 19374 | D:14     | Lost mutation: You possess an exceptional clarity of mind. [potion of mutation]
 19374 | D:14     | Lost mutation: Your transparent skin significantly reduces your foes' accuracy. (Stealth) [potion of mutation]
 19374 | D:14     | Gained mutation: Scrolls take you a little longer to read. [potion of mutation]
 19374 | D:14     | Gained mutation: You are resistant to hostile enchantments. (MR+) [potion of mutation]
 19380 | D:14     | Killed Rupert
 19480 | D:14     | Lost mutation: You have a pair of horns on your head. [Jiyva's grace]
 19518 | D:14     | Gained mutation: You have a small jelly attached to you that senses nearby items. [Jiyva's grace]
 19608 | D:14     | Gained mutation: Armour fits poorly on your pseudopods. [Jiyva's grace]
 19626 | D:14     | Noticed Kirke
 19637 | D:14     | Killed Kirke
 19699 | D:14     | Found a shadowy altar of Dithmenos.
 20146 | D:15     | Entered Level 15 of the Dungeon
 20206 | D:15     | Lost mutation: You have a small jelly attached to you that senses nearby items. [Jiyva's grace]
 20358 | D:15     | Gained mutation: You are covered in slimy tendrils that may disarm your opponents. [Jiyva's grace]
 20694 | D:15     | Found a staircase to the Depths.
 20696 | D:15     | Noticed an acid blob
 20696 | D:15     | an ettin changed into an acid blob
 21195 | Lair:1   | Noticed Sonja
 21203 | Lair:1   | Killed Sonja
 21373 | Lair:1   | Gained mutation: You are agile. (Dex +2) [Jiyva's grace]
 21452 | Swamp:1  | Entered Level 1 of the Swamp
 21474 | Swamp:1  | You fall through a shaft!
 21593 | Swamp:2  | Lost mutation: You are agile. (Dex +2) [Jiyva's grace]
 21594 | Swamp:2  | HP: 9/190 [spriggan rider/spear (12)]
 21603 | Swamp:2  | HP: 8/190 [spriggan rider/spear (2)]
 21607 | Swamp:2  | HP: 1/190 [spriggan rider/spear (3)]
 21612 | Swamp:2  | Slain by a spriggan rider

Skill      XL: |  1  2  3  4  5  6  7  8  9 10 11 12 13 14 |
---------------+-------------------------------------------+-----
Maces & Flails | 2 3 4 5 7 8 10 11 12 13 14 | 14.4
Shields        | 3 5 6 8 9 10 11 | 11.5
Armour         | 3 5 6 8 9 10 11 | 11.1
Fighting       | 4 5 7 9 10 11 12 | 12.3

Action                   |  1- 3 |  4- 6 |  7- 9 | 10-12 | 13-15 || total
-------------------------+-------+-------+-------+-------+-------++-------
Melee: Flail             |   112 |    51 |       |       |   375 ||   538
       Headbutt          |     5 |    23 |    77 |   176 |   245 ||   526
       Mace              |       |   139 |   511 |   790 |   447 ||  1887
       Kick              |       |       |    10 |   153 |       ||   163
       Bite              |       |       |       |    60 |   126 ||   186
       Peck              |       |       |       |       |   143 ||   143
       Pseudopods        |       |       |       |       |    91 ||    91
Invok: Request Jelly     |       |     3 |     2 |     2 |     5 ||    12
       Slimify           |       |     2 |     9 |    18 |    11 ||    40
       Cure Bad Mutation |       |       |       |       |     1 ||     1
 Abil: Blink             |       |       |       |       |    10 ||    10
Evoke: Wand              |       |       |       |       |     2 ||     2
  Use: Potion            |     1 |     2 |     5 |     5 |    14 ||    27
       Scroll            |       |     4 |    13 |     7 |    11 ||    35
 Stab: Confused          |       |       |       |     6 |    15 ||    21
       Invisible         |       |       |       |       |     2 ||     2
  Eat: Bread ration      |     1 |       |       |       |       ||     1
       Meat ration       |       |       |       |     1 |       ||     1
Armor: Scale mail        |    40 |    99 |   117 |       |       ||   256
       Plate armour      |       |       |   153 |   555 |   294 ||  1002
       Skin              |       |       |       |       |    47 ||    47
Dodge: Dodged            |    23 |    58 |   157 |   276 |   237 ||   751
       Deflected         |     3 |       |     3 |    11 |    14 ||    31
Block: Shield            |    44 |    84 |   254 |   502 |   491 ||  1375
